 Dungeon Crawl Stone Soup version 0.23.2-1-ga50397a (webtiles) character file.

Game seed: 2655986964285941192

80 kae the Changer (level 4, 0/35 HPs)
             Began as a Draconian Transmuter on May 26, 2019.
             Killed by divine providence
             ... invoked by an orc priest
              (11 damage)
             ... on level 3 of the Dungeon.
             The game lasted 00:01:25 (2265 turns).

kae the Changer (Draconian Transmuter)              Turns: 2265, Time: 00:01:25

Health: 0/35       AC:  2    Str: 13    XL:     4   Next: 18%
Magic:  4/8        EV: 19    Int: 13    God:
Gold:   137        SH:  0    Dex: 17    Spells: 2/8 levels left

rFire    . . .     SeeInvis .     - Unarmed
rCold    . . .     Gourm    .   (shield currently unavailable)
rNeg     . . .     Faith    .   (armour unavailable)
rPois    x         Spirit   .   (helmet currently unavailable)
rElec    .         Reflect  .   (cloak currently unavailable)
rCorr    .         Harm     .   (gloves currently unavailable)
MR       .....                  (boots currently unavailable)
Stlth    ++........             (no amulet)
HPRegen  0.11/turn              (no ring)
MPRegen  0.11/turn              (no ring)

@: spider-form (expiring)
A: tiny, unfitting armour, AC +5
a: End Transformation


You were on level 3 of the Dungeon.
You were not hungry.
You were a venomous arachnid creature.
You visited 1 branch of the dungeon, and saw 3 of its levels.

You collected 137 gold pieces.

Inventory:

Missiles
 a - 52 arrows
Scrolls
 d - 3 scrolls of enchant armour {unknown}
 e - 2 scrolls of teleportation {unknown}
 f - 3 scrolls of identify {unknown}
 h - 2 scrolls of magic mapping {unknown}
 j - a scroll of remove curse {unknown}
 k - 2 scrolls of enchant weapon {unknown}
Potions
 b - a potion of heal wounds {unknown}
 g - a potion of mutation {unknown}
 i - 2 potions of curing {unknown}
Comestibles
 c - 9 rations
 l - 3 chunks of flesh


   Skills:
 - Level 1.1 Fighting
 - Level 1.7 Dodging
 - Level 3.0 Unarmed Combat
 + Level 2.8 Spellcasting
 * Level 3.9 Transmutations


You had 2 spell levels left.
You knew the following spells:

 Your Spells              Type           Power        Failure   Level  Hunger
a - Beastly Appendage     Tmut           ##....       14%         1    #......
b - Sticks to Snakes      Tmut           ##......     19%         2    ###....
c - Spider Form           Tmut/Pois      #.........   54%         3    ###....

Your spell library contained the following spells:

 Spells                   Type           Power        Failure   Level  Hunger
 Ice Form                 Ice/Tmut       #.......     87%         4    #####..
 Blade Hands              Tmut           ##........   91%         5    ######.


Dungeon Overview and Level Annotations

Branches:
Dungeon (3/15)

Altars:
Ru


Innate Abilities, Weirdness & Mutations

((Your plain brown scales are hard. (AC +5)))
You cannot fit into any form of body armour.
((You are cold-blooded and may be slowed by cold attacks.))


Message History

The orc hits you with a +4 mace!
You are too injured to fight recklessly!
You are too injured to fight recklessly!
You are too injured to fight recklessly!
You are too injured to fight recklessly!
You hit the orc.
The orc is heavily wounded.
The orc priest mumbles some strange prayers to Beogh against you.
Beogh smites you!
* * * LOW HITPOINT WARNING * * *
The orc closely misses you.
You hit the worm.
The worm is poisoned.
The worm is lightly wounded.
The worm completely misses you. The orc barely misses you.
You hit the orc.
You kill the orc!
An adder comes into view.
The orc priest calls down the wrath of Beogh upon you.
Beogh smites you!
You die...

.. ... ...#########
.......
...#.......##.(....
.....(.....#.......
..................
............#....
.....o)....###.##
.....o)s....#...#
......w.....≈)≈.#
..........#≈.≈.≈#
S..#......##...#^...
..........##.≈.#
...#
...##......#...# ..#
.#.........#.≈.# .#
# ##.....##...# #
#.≈.#


You could see a worm, an orc priest, an adder (wandering) and an orc.

Vanquished Creatures
  2 adders (D:2)
  An ooze (D:1)
  A dart slug (D:1)
  2 leopard geckos
  2 orcs (D:3)
  2 ball pythons (D:1)
  4 bats
  A giant cockroach (D:1)
  8 hobgoblins
  3 jackals (D:2)
  3 frilled lizards
  5 goblins
  4 kobolds
  5 rats
43 creatures vanquished.

Vanquished Creatures (collateral kills)
  An adder (D:3)
  2 hobgoblins (D:2)
3 creatures vanquished.

Grand Total: 46 creatures vanquished

Notes
Turn   | Place    | Note
-------+----------+-------------------------------------------
     0 | D:1      | kae the Draconian Transmuter began the quest for the Orb.
     0 | D:1      | Reached XP level 1. HP: 16/16 MP: 3/3
   103 | D:1      | Reached XP level 2. HP: 18/23 MP: 5/5
   703 | D:2      | Learned a level 2 spell: Sticks to Snakes
   787 | D:2      | Reached XP level 3. HP: 26/28 MP: 4/6
  2189 | D:2      | Learned a level 3 spell: Spider Form
  2224 | D:3      | Found a sacrificial altar of Ru.
  2250 | D:3      | Reached XP level 4. HP: 34/35 MP: 5/8
  2265 | D:3      | Killed from afar by an orc priest

Skill      XL: |  1  2 |
---------------+-------+-----
Transmutations | 3 |  3.9
Fighting       | |  1.1
Dodging        | |  1.7
Unarmed Combat | |  3.0
Spellcasting   | |  2.8

Action                   |  1- 3 |  4- 6 || total
-------------------------+-------+-------++-------
Melee: Unarmed           |   139 |    13 ||   152
       Tailslap          |    19 |     2 ||    21
       Kick              |     7 |       ||     7
       Headbutt          |     3 |       ||     3
 Cast: Beastly Appendage |    10 |       ||    10
       Sticks to Snakes  |     6 |       ||     6
       Spider Form       |       |     1 ||     1
  Eat: Chunk             |     5 |       ||     5
Armor: Skin              |    53 |     5 ||    58
Dodge: Dodged            |    89 |    10 ||    99
